 Dungeon Crawl Stone Soup version 0.27.0-1-g7a089689b8 (webtiles) character file.

Game seed: 11187959007088767205

116 HungrySpirit the Skirmisher (level 4, -1/39 HPs)
             Began as a Mummy Abyssal Knight on Aug 1, 2021.
             Was a Believer of Lugonu.
             Slain by a water moccasin (4 damage)
             ... on level 4 of the Dungeon.
             The game lasted 00:05:06 (4486 turns).

HungrySpirit the Skirmisher (Mummy Abyssal Knight)  Turns: 4486, Time: 00:05:06

Health: -1/39      AC:  3    Str: 15    XL:     4   Next: 70%
Magic:  5/5        EV: 11    Int: 11    God:    Lugonu [**....]
Gold:   124        SH:  0    Dex: 12    Spells: 3/3 levels left

rFire    x . .     SeeInvis .   a - +1 short sword
rCold    + . .     Faith    .   (no shield)
rNeg     + + +     Spirit   .   b - +0 leather armour
rPois    ∞         Reflect  .   (no helmet)
rElec    .         Harm     .   (no cloak)
rCorr    .         Rampage  .   (no gloves)
Will     .....                  (no boots)
Stlth    +.........             (no amulet)
HPRegen  0.13/turn              (no ring)
MPRegen  0.09/turn              (no ring)

@: no status effects
A: cold resistance 1, negative energy resistance 3, torment resistance 2, heat
vulnerability 1, no potions
a: Renounce Religion, Depart the Abyss, Bend Space


You were on level 4 of the Dungeon.
You worshipped Lugonu.
Lugonu was pleased with you.
You visited 1 branch of the dungeon, and saw 4 of its levels.
You visited the Abyss 1 time.

You collected 124 gold pieces.

Inventory:

Hand Weapons
 a - a +1 short sword (weapon)
Missiles
 g - 4 javelins (quivered)
Armour
 b - a +0 leather armour (worn)
Scrolls
 c - a scroll of vulnerability {unknown}
 d - a scroll of fog {unknown}
 e - a scroll of enchant armour {unknown}


   Skills:
 * Level 5.2 Fighting
 - Level 1.9 Short Blades
 - Level 1.7 Armour
 - Level 1.0 Dodging
 - Level 1.5 Invocations


You had 3 spell levels left.
You didn't know any spells.
Your spell library was empty.

Dungeon Overview and Level Annotations

Branches:
Dungeon (4/15)
 Temple: D:4-7

Altars:


Innate Abilities, Weirdness & Mutations

You are immune to poison.
Your flesh is cold resistant. (rC+)
You are immune to negative energy. (rN+++)
You are immune to unholy pain and torment.
You are vulnerable to heat. (rF-)
You do not drink.


Message History

The javelin pierces through the water moccasin.
The water moccasin is lightly wounded.
You puncture the water moccasin!
The water moccasin is moderately wounded.
The water moccasin bites you.
You closely miss the water moccasin.
The water moccasin is moderately wounded.
The water moccasin bites you.
Throw: 4 boomerangs (disperse)
Press: ? - help, Q - select action, (/) - cycle Shift-Dir - straight line, f/p - water moccasin
Aim: a water moccasin (moderately wounded, 40% to hit)
You throw a boomerang of dispersal.
The boomerang of dispersal closely misses the water moccasin.
The water moccasin bites you! The water moccasin closely misses you.
Throw: 3 boomerangs (disperse)
Press: ? - help, Q - select action, (/) - cycle Shift-Dir - straight line, f/p - water moccasin
Aim: a water moccasin (moderately wounded, 40% to hit)
You throw a boomerang of dispersal.
The boomerang of dispersal hits the water moccasin but does no damage.
The water moccasin is moderately wounded.
The water moccasin barely misses you. The water moccasin closely misses you.
Unknown command.
Throw: 2 boomerangs (disperse)
Press: ? - help, Q - select action, (/) - cycle Shift-Dir - straight line, f/p - water moccasin
Aim: a water moccasin (moderately wounded, 40% to hit)
You throw a boomerang of dispersal.
The boomerang of dispersal misses the water moccasin.
The water moccasin bites you. x2
* * * LOW HITPOINT WARNING * * *
Throw: boomerang (disperse)
Press: ? - help, Q - select action, (/) - cycle Shift-Dir - straight line, f/p - water moccasin
Aim: a water moccasin (moderately wounded, 40% to hit)
You throw a boomerang of dispersal.
The boomerang of dispersal misses the water moccasin.
The water moccasin barely misses you. The water moccasin bites you.
* * * LOW HITPOINT WARNING * * *
The water moccasin bites you!
* * * LOW HITPOINT WARNING * * *
The water moccasin bites you.
You die...

..........##.##..#
.#..
#.#.####...#.#.#.#...#
.. .##.(..#.....#...#
#. #.....)...........
. ..#.#..........#.. .
####.....#.### ..
#...##..#### ..#
#....##.S##.#...#
.....###..@....#
#..#>.#......#.##
...#........## ..
..........##
...........##
...##...##..#
......#.....#
##......<..##
###....####


You could see a water moccasin.

Vanquished Creatures
  2 adders
  A worm (D:2)
  11 orcs
  6 ball pythons
  2 bats
  11 endoplasms
  3 giant cockroaches
  13 hobgoblins
  4 jackals (D:2)
  4 quokkas
  2 frilled lizards
  3 goblins
  A jackal skeleton (D:4)
  8 kobolds
  3 rats (D:2)
74 creatures vanquished.

Notes
Turn   | Place    | Note
-------+----------+-------------------------------------------
     0 | Abyss:1  | HungrySpirit the Mummy Abyssal Knight began the quest for
                  | the Orb.
     0 | Abyss:1  | Reached XP level 1. HP: 18/18 MP: 2/2
    70 | Abyss:1  | Noticed a ynoxinul
    72 | D:1      | Escaped the Abyss
   104 | D:1      | Reached * piety under Lugonu
   189 | D:1      | Found a faded altar of an unknown god.
   301 | D:1      | Reached skill level 1 in Dodging
   380 | D:1      | Reached XP level 2. HP: 24/24 MP: 3/3
  1109 | D:1      | Reached XP level 3. HP: 29/30 MP: 4/4
  1371 | D:2      | Reached skill level 4 in Fighting
  1637 | D:2      | Reached ** piety under Lugonu
  2620 | D:2      | Reached XP level 4. HP: 23/38 MP: 5/5
  3866 | D:3      | Reached skill level 5 in Fighting
  4473 | D:4      | Noticed a water moccasin
  4486 | D:4      | Slain by a water moccasin

Illustrated notes

Levels and vault maps discovered:
D:1:      dpeg_arrival_round_b, layout_loops_cross,
          ebering_ecumenical_altar_box, kennysheep_another_room, st_stairs_1
D:2:      layout_basic
D:3:      layout_basic
D:4:      layout_cave_pools, serial_shops, shop, st_stairs_11,
          chequers_serial_rivers_large_b

Skill      XL: |  1  2  3  4 |
---------------+-------------+-----
Dodging        | 1 |  1.0
Fighting       | 4 5 |  5.2
Short Blades   | |  1.9
Armour         | |  1.7
Invocations    | |  1.5

Action                   |  1- 3 |  4- 6 || total
-------------------------+-------+-------++-------
Melee: Short sword       |   186 |   108 ||   294
Throw: Boomerang         |       |     4 ||     4
       Javelin           |       |     2 ||     2
Invok: Depart the Abyss  |     1 |       ||     1
 Stab: Sleeping          |     1 |       ||     1
Armor: Leather armour    |    50 |    25 ||    75
Dodge: Dodged            |    98 |    51 ||   149
